 Dungeon Crawl Stone Soup version 0.22.1-6-g1668fe2 (webtiles) character file.

709 infcreate the Destroyer (level 7, 0/36 HPs)
             Began as a Deep Elf Conjurer on Jan 16, 2019.
             Slain by an orc wizard
             ... wielding a +0 dagger
              (3 damage)
             ... on level 4 of the Dungeon.
             The game lasted 00:20:20 (3579 turns).

infcreate the Destroyer (Deep Elf Conjurer)         Turns: 3579, Time: 00:20:20

Health: 0/36       AC:  4    Str:  5    XL:     7   Next: 40%
Magic:  1/19       EV: 13    Int: 22    God:
Gold:   130        SH:  0    Dex: 15    Spells: 5/19 levels left

rFire    . . .     SeeInvis .   r - +4 quarterstaff (chaos)
rCold    . . .     Gourm    .   (shield currently unavailable)
rNeg     . . .     Faith    .   a - +0 robe
rPois    .         Spirit   .   m - +0 helmet (curse)
rElec    .         Reflect  .   q - +0 cloak (curse)
rCorr    .         Harm     .   (no gloves)
MR       .....                  (no boots)
Stlth    +++.......             (no amulet)
HPRegen  0.12/turn              (no ring)
MPRegen  0.16/turn              (no ring)

@: very slightly contaminated
A: no striking features
a: no special abilities


You were on level 4 of the Dungeon.
You were very hungry.

You visited 1 branch of the dungeon, and saw 4 of its levels.

You collected 130 gold pieces.

Inventory:

Hand Weapons
 r - a +4 quarterstaff of chaos (weapon)
Armour
 a - a +0 robe (worn)
 m - a cursed +0 helmet (worn)
 q - a cursed +0 cloak (worn)
Scrolls
 b - 4 scrolls of remove curse {unknown}
 e - a scroll of noise {unknown}
 h - 3 scrolls of magic mapping {unknown}
 k - a scroll of enchant weapon {unknown}
 n - a scroll of immolation {unknown}
 o - a scroll of enchant armour {unknown}
 p - a scroll of identify {unknown}
 s - a scroll of teleportation {unknown}
Potions
 d - 6 potions of magic {unknown}
 f - 2 potions of brilliance {unknown}
 g - a potion of degeneration {unknown}
 i - a potion of haste {unknown}
 j - 2 potions of curing {unknown}
 l - a potion of lignification {unknown}
 t - a potion of flight {unknown}
Comestibles
 c - 3 rations


   Skills:
 + Level 3.1 Dodging
 + Level 3.8 Stealth
 + Level 6.8 Spellcasting
 + Level 8.0 Conjurations


You had 5 spell levels left.
You knew the following spells:

 Your Spells              Type           Power        Failure   Level  Hunger
a - Magic Dart            Conj           ####         1%          1    None
b - Searing Ray           Conj           #####.       1%          2    None
c - Dazzling Spray        Conj/Hex       ####..       4%          3    None
d - Iskenderun's Mystic   Conj           #####...     3%          4    ###....
e - Force Lance           Conj/Tloc      ####....     16%         4    ###....

Your spell library contained the following spells:

 Spells                   Type           Power        Failure   Level  Hunger
 Fulminant Prism          Conj/Hex       ####......   16%         4    ###....


Dungeon Overview and Level Annotations

Branches:
Dungeon (4/15)
 Temple: D:4-7

Altars:
Ashenzari
Nemelex Xobeh
Trog
Zin


Message History

Aim: an iguana (severely wounded)
The magic dart hits the iguana.
The iguana is almost dead.
The iguana closely misses you.
Casting: Magic Dart (safe; 1% risk of failure)
Confirm with . or Enter, or press ? or * to list all spells.
Aiming: Magic Dart (safe; 1% risk of failure)
Press: ? - help, Shift-Dir - straight line, f/p - iguana
Aim: an iguana (almost dead)
The magic dart hits the iguana.
The iguana is almost dead.
The iguana bites you but does no damage.
An orc wizard comes into view. It is wielding a dagger.
The orc wizard moves out of view.
An orc comes into view.
It is wielding a club. 2 orc wizards and a skeleton come into view.
An orc wizard is wielding a dagger of venom.
The orc wizard shouts! x2; You hear a shout!
The orc wizard hits you with a dagger.
You die...

#.##<#..(.......#
#.##)#.##.###.#...
#.##.#.##.# .# ##
#.##.#.##.# #
###.##.#.##.#
#...##.#. #.#
#.#.##.# #.#
#..#l#.#.....
#.#oo@.Z.....
#...o#.#.....
#.#.#.... ##+ #...
....# ###. ....#
#. ....# #. ....##
#..#


You could see an iguana, 3 orc wizards and a hound skeleton.

Vanquished Creatures
  Grinder (D:3)
  Sigmund (D:2)
  An ogre (D:3)
  Crazy Yiuf (D:2)
  An orc wizard (D:3)
  An iguana (D:3)
  Robin (D:2)
  4 adders
  3 gnolls (D:2)
  3 oozes
  A worm (D:3)
  4 leopard geckos
  12 orcs
  4 giant cockroaches
  14 goblins
  11 hobgoblins
  9 jackals
  3 quokkas (D:3)
  A ball python (D:3)
  7 bats
  4 frilled lizards
  3 kobolds
  5 rats
95 creatures vanquished.

Vanquished Creatures (others)
  4 toadstools (D:1)
4 creatures vanquished.

Grand Total: 99 creatures vanquished

Notes
Turn   | Place    | Note
-------+----------+-------------------------------------------
     0 | D:1      | infcreate the Deep Elf Conjurer began the quest for the
                  | Orb.
     0 | D:1      | Reached XP level 1. HP: 10/10 MP: 6/6
   147 | D:1      | Reached XP level 2. HP: 15/15 MP: 6/8
   153 | D:1      | Learned a level 2 spell: Searing Ray
   320 | D:1      | Reached skill level 5 in Conjurations
   542 | D:1      | Reached XP level 3. HP: 19/19 MP: 3/9
   953 | D:2      | Found a glowing silver altar of Zin.
   955 | D:2      | Noticed Sigmund
   974 | D:2      | Killed Sigmund
   974 | D:2      | Reached skill level 6 in Conjurations
   974 | D:2      | Reached XP level 4. HP: 22/24 MP: 3/12
   974 | D:2      | Reached XP level 5. HP: 25/28 MP: 3/14
  1146 | D:2      | Noticed Robin
  1171 | D:2      | Killed Robin
  1217 | D:2      | Learned a level 3 spell: Dazzling Spray
  1222 | D:2      | Learned a level 4 spell: Iskenderun's Mystic Blast
  1435 | D:2      | Reached XP level 6. HP: 32/32 MP: 13/15
  1693 | D:2      | Found a sparkling altar of Nemelex Xobeh.
  1703 | D:2      | Reached skill level 5 in Spellcasting
  1791 | D:2      | Found a runed door.
  1795 | D:2      | Noticed Crazy Yiuf
  1799 | D:2      | Killed Crazy Yiuf
  1963 | D:3      | Found a bloodstained altar of Trog.
  2163 | D:3      | Learned a level 4 spell: Force Lance
  2535 | D:3      | Reached skill level 7 in Conjurations
  2841 | D:3      | Noticed Grinder
  2882 | D:3      | Killed Grinder
  2882 | D:3      | Reached XP level 7. HP: 34/36 MP: 2/18
  3285 | D:3      | Found a shattered altar of Ashenzari.
  3290 | D:3      | Reached skill level 8 in Conjurations
  3558 | D:4      | HP: 1/36 [iguana (12)]
  3579 | D:4      | Slain by an orc wizard

Skill      XL: |  1  2  3  4  5  6  7 |
---------------+----------------------+-----
Conjurations   | 5 6 7 8 |  8.0
Dodging        | 3 |  3.1
Stealth        | 3 |  3.8
Spellcasting   | 4 6 |  6.8

Action                   |  1- 3 |  4- 6 |  7- 9 || total
-------------------------+-------+-------+-------++-------
Melee: Unarmed           |       |     1 |       ||     1
 Cast: Magic Dart        |    51 |    91 |    19 ||   161
       Searing Ray       |     4 |    11 |     3 ||    18
       Iskenderun's Myst |       |     7 |     1 ||     8
  Eat: Chunk             |       |     6 |     2 ||     8
Armor: Robe              |       |     2 |     1 ||     3
Dodge: Dodged            |     8 |     5 |     7 ||    20
